 Dungeon Crawl Stone Soup version 0.29.1-1-gd02db6906a (webtiles) character file.

Game seed: 9260797363445283447

46 brightshaft the Magician (level 3, 0/28 HPs)
             Began as a Djinni Fire Elementalist on Sept 18, 2022.
             Slain by Robin
             ... wielding a +0 mace
              (2 damage)
             ... on level 2 of the Dungeon.
             The game lasted 00:02:10 (1774 turns).

brightshaft the Magician (Djinni Fire Elementalist) Turns: 1774, Time: 00:02:11

Health: 0/28       AC:  2    Str:  7    XL:     3   Next: 95%
Gold:   23         EV: 12    Int: 18    God:
                   SH:  0    Dex: 13

rFire   + + +      SeeInvis .   e - +0 whip
rCold   x . .      Faith    .   (no shield)
rNeg    . . .      Spirit   .   a - +0 robe
rPois   ∞          Reflect  .   (no helmet)
rElec   .          Harm     .   (no cloak)
rCorr   .          Rampage  .   (no gloves)
Will    .....                   (boots unavailable)
Stlth   ++........              (no amulet)
HPRegen 0.09/turn               (no ring)
MPRegen 0.00/turn               (no ring)

@: flying
A: sickness immunity, fire resistance 3, cold vulnerability 1, float, innate
caster, HP casting, extra vitality 1, inability to drink after injury 1
a: no special abilities


You were on level 2 of the Dungeon.
You visited 1 branch of the dungeon, and saw 2 of its levels.

You collected 23 gold pieces.

Inventory:

Hand Weapons
 e - a +0 whip (weapon)
Armour
 a - a +0 robe (worn)
Scrolls
 c - a scroll of identify {unknown}
 f - a scroll of vulnerability {unknown}
Potions
 b - a potion of flight


   Skills:
 + Level 2.0 Fighting
 - Level 2.3 Dodging
 - Level 1.6 Stealth
 + Level 3.0 Spellcasting


You couldn't memorise any spells.
You knew the following spells:

 Your Spells              Type           Power      Damage    Failure   Level
a - Foxfire               Conj/Fire      52%        2x1d6     4%          1
b - Scorch                Fire           26%        2d6       7%          2
c - Conjure Flame         Conj/Fire      13%        6-21      14%         3
d - Inner Flame           Hex/Fire       13%        N/A       14%         3
e - Flame Wave            Conj/Fire      13%        2d6       43%         4
f - Freeze                Ice            52%        1d7       4%          1
Your spell library was empty.

Dungeon Overview and Level Annotations

Branches:
Dungeon (2/15)

Altars:

Annotations:
D:2 Robin


Innate Abilities, Weirdness & Mutations

You are immune to sickness and miasma.
You are immune to poison.
Your flesh is almost immune to the effects of heat. (rF+++)
You are vulnerable to cold. (rC-)
You float through the air rather than walking.
You learn spells naturally, not from books.
Your magical power is your life essence.
You have superior vitality. (+4 MHP)
You occasionally lose the ability to drink potions when taking damage.


Message History

Flames lash the goblin.
You kill the goblin!
* * * LOW HITPOINT WARNING * * *
The hobgoblin hits you.
* * * LOW HITPOINT WARNING * * *
Robin closely misses you.
You see here a +0 club.
Casting: Scorch (safe; 7% risk of failure)
Press: ? - help, Q - select action, (/) - cycle Dir - look around, f - activate Flames lash the hobgoblin.
The hobgoblin is moderately wounded.
The hobgoblin's fire resistance burns away.
* * * LOW HITPOINT WARNING * * *
The hobgoblin misses you.
Casting: Scorch (safe; 7% risk of failure)
Press: ? - help, Q - select action, (/) - cycle Dir - look around, f - activate Flames lash the hobgoblin.
The hobgoblin is burned terribly!
You kill the hobgoblin!
* * * LOW HITPOINT WARNING * * *
Your Fighting skill increases to level 2!
You don't have enough health to cast this spell.
You don't have enough health to cast this spell.
It was a potion of flight.
You feel more buoyant. Robin closely misses you.
It was a potion of mutation.
You feel extremely strange.
You feel the urge to shout.
You occasionally lose the ability to drink potions when taking damage.
Your urge to shout disappears.
You feel more resistant to heat. Robin closely misses you.
You hit Robin.
Robin is moderately wounded.
Robin hits you but does no damage.
You hit Robin.
Robin is moderately wounded.
Robin closely misses you.
You barely miss Robin.
Robin is moderately wounded.
Robin closely misses you. Robin hits you with a +0 mace.
You die...

## .. #..# #.#. #..#
#.#.# #..# . ..#.# #..#
#.# #.#.###.. ....
#...@##.# #
#....###.###g#.##.##.#.
.........##...).)).....
..#..##.#####..###!
#.#.#...# ## #.#.###.#
#.#.# #.# #.#.# #.#
####.#.###..


You could see Robin.

Vanquished Creatures
  2 dart slugs (D:1)
  6 ball pythons
  An endoplasm (D:2)
  A giant cockroach (D:1)
  3 hobgoblins (D:2)
  4 jackals (D:1)
  A kobold (D:1)
  A quokka (D:2)
  4 bats
  A frilled lizard (D:1)
  10 goblins
  A rat (D:1)
35 creatures vanquished.

Vanquished Creatures (others)
  20 foxfires (D:1)
20 creatures vanquished.

Grand Total: 55 creatures vanquished

Notes
Turn   | Place    | Note
-------+----------+-------------------------------------------
     0 | D:1      | brightshaft the Djinni Fire Elementalist began the quest
                  | for the Orb.
     0 | D:1      | brightshaft set off with the following spells memorised:
                  | Foxfire, Scorch, Conjure Flame, Inner Flame, Flame Wave.
     0 | D:1      | Reached XP level 1. HP: 15/15 MP: 0/0
   342 | D:1      | Found a faded altar of an unknown god.
   348 | D:1      | Reached XP level 2. HP: 19/22 MP: 0/0
   615 | D:1      | Reached skill level 1 in Fighting
   738 | D:1      | Reached XP level 3. HP: 18/27 MP: 0/0
   738 | D:1      | Learned a level 1 spell: Freeze
  1748 | D:2      | Noticed Robin
  1751 | D:2      | Reached skill level 3 in Spellcasting
  1771 | D:2      | Gained mutation: You occasionally shout uncontrollably at
                  | your foes. [potion of mutation]
  1771 | D:2      | Gained mutation: You occasionally lose the ability to drink
                  | potions when taking damage. [potion of mutation]
  1771 | D:2      | Lost mutation: You occasionally shout uncontrollably at
                  | your foes. [potion of mutation]
  1771 | D:2      | Gained mutation: Your flesh is almost immune to the effects
                  | of heat. (rF+++) [potion of mutation]
  1774 | D:2      | Slain by Robin

Illustrated notes

Levels and vault maps discovered:
D:1:      tarquinn_simple_flora_water_b, layout_loops_ring,
          chequers_ecumenical_altar_simple, nicolae_kite_square_tiling_tiny
D:2:      layout_loops_ring, uniq_terence, uniq_robin

Skill      XL: |  1  2  3 |
---------------+----------+-----
Fighting       | 1 2 |  2.0
Spellcasting   | 3 |  3.0
Dodging        | |  2.3
Stealth        | |  1.6

Action                   || total
-------------------------++-------
Melee: Unarmed           ||     1
       Whip              ||    10
       Punch             ||     1
 Cast: Foxfire           ||    11
       Scorch            ||    39
  Use: Potion            ||     2
Armor: Robe              ||     7
Dodge: Dodged            ||    29
